 Dungeon Crawl Stone Soup version 0.21.0-3-g78d12a8 (webtiles) character file.

513 Inarius the Chiller (level 7, 52/52 HPs)
             Began as a Red Draconian Ice Elementalist on Jan 14, 2018.
             Got out of the dungeon alive.
             The game lasted 00:11:58 (4690 turns).

Inarius the Chiller (DrIE)                          Turns: 4690, Time: 00:11:59

Health: 52/52      AC:  8    Str: 11    XL:     7   Next: 0%
Magic:  12/12      EV: 15    Int: 17    God:
Gold:   166        SH:  0    Dex: 11    Spells: 5/13 levels left

rFire    + . .     SeeInvis .   p - +2 falchion (drain)
rCold    . . .     Gourm    .   (no shield)
rNeg     . . .     Faith    .   (armour unavailable)
rPois    .         Spirit   .   (helmet restricted)
rElec    .         Reflect  .   (no cloak)
rCorr    .         Harm     .   y - +0 pair of gloves
MR       .....                  f - +0 pair of boots
Stlth    ++........             (no amulet)
HPRegen  0.17/turn              t - +3 ring of evasion
MPRegen  0.13/turn              (no ring)

@: no status effects
A: breathe fire, unfitting armour, fire resistance 1, cold-blooded, AC +6
a: Breathe Fire


You escaped.
You were not hungry.

You visited 1 branch of the dungeon, and saw 5 of its levels.
You also visited: Sewer.

You collected 166 gold pieces.

Inventory:

Hand Weapons
 p - a +2 falchion of draining (weapon)
 v - a +1 spear of freezing
Armour
 f - a +0 pair of boots (worn)
 y - a +0 pair of gloves (worn)
Jewellery
 t - a +3 ring of evasion (left hand)
Wands
 w - a wand of digging (12)
Scrolls
 e - 2 scrolls of magic mapping {unknown}
 h - a scroll of torment {unknown}
 k - 2 scrolls of teleportation
 l - 3 scrolls of identify {unknown}
 m - a scroll of noise {unknown}
 n - 2 scrolls of remove curse
 o - a scroll of blinking {unknown}
 q - 3 scrolls of enchant armour {unknown}
 r - a scroll of fog {unknown}
 u - a scroll of random uselessness {unknown}
 A - a scroll of amnesia {unknown}
Potions
 d - a potion of berserk rage {unknown}
 g - a potion of brilliance {unknown}
 i - 2 potions of lignification {unknown}
 j - 4 potions of curing {unknown}
 s - a potion of invisibility {unknown}
 x - a potion of flight {unknown}
Books
 a - a book of Frost

   Spells                             Type                      Level
   a - Freeze                         Ice                          1
   b - Throw Frost                    Conjuration/Ice              2
   c - Ozocubu's Armour               Charms/Ice                   3
   d - Throw Icicle                   Conjuration/Ice              4
   e - Summon Ice Beast               Ice/Summoning                4
 c - a book of Geomancy

   Spells                             Type                      Level
   a - Sandblast                      Earth                        1
   b - Passwall                       Transmutation/Earth          2
   c - Stone Arrow                    Conjuration/Earth            3
   d - Petrify                        Transmutation/Earth          4
   e - Lee's Rapid Deconstruction     Earth                        5
Comestibles
 b - 6 rations
 z - 4 chunks of flesh


   Skills:
 + Level 1.2 Fighting
 + Level 2.5 Dodging
 - Level 1.7 Stealth
 + Level 3.8 Spellcasting
 * Level 2.4 Conjurations
 + Level 1.1 Charms
 * Level 4.8 Ice Magic


You had 5 spell levels left.
You knew the following spells:

 Your Spells              Type           Power        Failure   Level  Hunger
a - Freeze                Ice            ###.         2%          1    None
b - Ozocubu's Armour      Chrm/Ice       ##......     14%         3    ###....
c - Throw Icicle          Conj/Ice       ###.....     34%         4    ####...


Dungeon Overview and Level Annotations

Branches:
Dungeon (5/15)
 Temple: D:4-7

Altars:
Uskayaw


Innate Abilities, Weirdness & Mutations

You can breathe blasts of fire.
Your fiery red scales are hard. (AC +6)
You cannot fit into any form of body armour.
Your flesh is heat resistant. (rF+)
You are cold-blooded and may be slowed by cold attacks.


Message History

There is an open door here.
There is an open door here.
There is a stone staircase leading up here.
You climb upwards.
There is a stone staircase leading down here.
HP restored.
You see here a dagger.
There is a stone staircase leading up, spattered with blood here.
You see here a stone.
You climb upwards.
There is a stone staircase leading down here.
There is a stone staircase leading down here.
There is a stone staircase leading down here.
There is a staircase leading out of the dungeon here.
Are you sure you want to leave the Dungeon?
This will make you lose the game!
Alright, then stay!
Unknown command.
You can't go down here!
Are you sure you want to leave the Dungeon?
This will make you lose the game!
You have escaped!

......#####.>.......>...######...
......'.#...###########.### #...
......#.#.### #....####...
......#...############..#.##.....
......#####..##..##..#..#..#.#...
......# #..##..##...).##.#.###.
......# ###..##..##...#.....##.
......# ###..##..###.(##.......
......# #..##.@##..#.........##
####### #..##..##...###......##
###..##..##............
###..##..##.###.....###
#..##..##...#.#.....# #
#..##..##...#.##....# #
##.########.#.......# #
############.# #....#.###.....# #
....ยง........#
#....#.....#######


There were no monsters in sight!

Vanquished Creatures
  An ogre (D:4)
  2 bullfrogs (Sewer)
  A centaur zombie (D:5)
  An iguana (D:4)
  Ijyb (D:4)
  A howler monkey skeleton (D:4)
  9 adders
  An ooze (D:2)
  An adder skeleton (D:4)
  3 worms (D:2)
  9 leopard geckos
  An orc (D:4)
  5 ball pythons
  2 bats
  14 giant cockroaches
  5 goblins
  9 hobgoblins
  4 jackals (D:2)
  7 kobolds
  3 quokkas
  12 frilled lizards
  7 rats
99 creatures vanquished.

Notes
Turn   | Place    | Note
-------+----------+-------------------------------------------
     0 | D:1      | Inarius the Draconian Ice Elementalist began the quest for the Orb.
     0 | D:1      | Reached XP level 1. HP: 14/14 MP: 3/3
   155 | D:1      | Reached XP level 2. HP: 20/20 MP: 1/5
   930 | D:2      | Reached XP level 3. HP: 26/26 MP: 1/6
   983 | D:1      | Learned a level 3 spell: Ozocubu's Armour
   994 | D:2      | Reached skill level 4 in Ice Magic
  1528 | D:2      | Found a hide-covered altar of Uskayaw.
  1630 | D:3      | Found a glowing drain.
  1635 | D:3      | Reached XP level 4. HP: 33/33 MP: 3/8
  1692 | Sewer    | Entered a sewer
  1833 | Sewer    | Learned a level 4 spell: Throw Icicle
  2017 | Sewer    | Noticed a bullfrog
  2024 | Sewer    | Killed a bullfrog
  2024 | Sewer    | Reached XP level 5. HP: 35/39 MP: 0/9
  2117 | Sewer    | Reached skill level 1 in Charms
  2117 | Sewer    | Reached skill level 5 in Ice Magic
  2612 | D:2      | Reached XP level 6. HP: 36/46 MP: 4/10
  2705 | D:2      | Found a faded altar of an unknown god.
  4034 | D:4      | Noticed Ijyb
  4059 | D:4      | Killed Ijyb
  4059 | D:4      | Reached skill level 1 in Fighting
  4534 | D:5      | Entered Level 5 of the Dungeon
  4545 | D:5      | Your scales start taking on a fiery red colour.
  4545 | D:5      | Reduced skill Ice Magic to level 4
  4545 | D:5      | Reached XP level 7. HP: 33/52 MP: 12/12
  4545 | D:5      | Gained mutation: Your flesh is heat resistant. (rF+) [Red Draconian growth]
  4690 | D:$      | Got out of the dungeon alive.

Skill      XL: |  1  2  3  4  5  6 |
---------------+-------------------+-----
Dodging        | 2 |  2.5
Ice Magic      | 4 5 4 |  4.8
Spellcasting   | 3 |  3.8
Charms         | 1 |  1.1
Conjurations   | 2 |  2.4
Fighting       | 1 |  1.2
Stealth        | |  1.7

Action                   |  1- 3 |  4- 6 |  7- 9 || total
-------------------------+-------+-------+-------++-------
Melee: Unarmed           |     2 |       |       ||     2
       Dagger            |    65 |    88 |       ||   153
       Tailslap          |     5 |    15 |       ||    20
       Falchion          |       |    54 |       ||    54
 Cast: Freeze            |    46 |    69 |       ||   115
       Ozocubu's Armour  |     1 |     2 |       ||     3
  Use: Scroll            |     3 |       |       ||     3
 Stab: Sleeping          |     3 |     1 |       ||     4
  Eat: Chunk             |     3 |     6 |     1 ||    10
       Ration            |       |     1 |       ||     1
Armor: Skin              |    45 |    63 |       ||   108
Dodge: Dodged            |    71 |   163 |       ||   234
       Rpst.: Falchion   |       |    24 |       ||    24
